 Dungeon Crawl Stone Soup version 0.26.1-2-gb8aa6d0cf2 (webtiles) character file.

Game seed: 6326113746146430340

222 Gadfly the Skirmisher (level 5, 0/33 HPs)
             Began as a Gargoyle Fighter on Feb 17, 2021.
             Slain by Sigmund
             ... wielding a +0 scythe
              (10 damage)
             ... on level 3 of the Dungeon.
             The game lasted 00:02:57 (2830 turns).

Gadfly the Skirmisher (Gargoyle Fighter)            Turns: 2830, Time: 00:02:57

Health: 0/33       AC: 12    Str: 21    XL:     5   Next: 99%
Magic:  7/7        EV:  5    Int:  8    God:
Gold:   151        SH:  9    Dex:  9    Spells: 4/4 levels left

rFire    . . .     SeeInvis .   a - +1 flail
rCold    . . .     Faith    .   c - +0 kite shield
rNeg     + . .     Spirit   .   l - -1 chain mail (curse)
rPois    ∞         Reflect  .   f - +0 hat
rElec    +         Harm     .   (no cloak)
rCorr    .         Rampage  .   (no gloves)
Will     .....                  (no boots)
Stlth    ..........             (no amulet)
HPRegen  0.11/turn              (no ring)
MPRegen  0.10/turn              (no ring)

@: no status effects
A: negative energy resistance 1, electricity resistance, unbreathing,
petrification resistance, miasma immunity, AC +4
a: no special abilities


You were on level 3 of the Dungeon.
You visited 1 branch of the dungeon, and saw 3 of its levels.

You collected 151 gold pieces.

Inventory:

Hand Weapons
 a - a +1 flail (weapon)
 b - a +0 morningstar
 m - a +2 dagger of freezing
Armour
 c - a +0 kite shield (worn)
 f - a +0 hat (worn)
 l - a cursed -1 chain mail (worn)
Scrolls
 i - a scroll of remove curse
Potions
 d - a potion of might
 e - a potion of invisibility {unknown}
 g - a potion of curing
 h - a potion of heal wounds {unknown}
 j - a potion of lignification {unknown}
 k - a potion of magic {unknown}


   Skills:
 + Level 3.9 Fighting
 * Level 3.2 Maces & Flails
 + Level 3.8 Armour
 + Level 3.8 Shields
 * Level 2.8 Invocations
 * Level 2.1 Evocations


You had 4 spell levels left.
You didn't know any spells.
Your spell library was empty.

Dungeon Overview and Level Annotations

Branches:
Dungeon (3/15)

Altars:

Annotations:
D:3 Sigmund


Innate Abilities, Weirdness & Mutations

You are resistant to torment.
Your stone body is resilient. (AC +4)
You are immune to poison.
You resist negative energy. (rN+)
You are resistant to electric shocks. (rElec)
You can survive without breathing.
You are immune to petrification.
You are immune to miasma.


Message History

You miss something. You block something's attack.
You thump something!
You hear some strange, mumbled words.
A magic dart appears from out of thin air!
The magic dart hits you!
You miss something. Something hits you but does no damage.
You miss something.
You hear some strange, mumbled words.
A magic dart appears from out of thin air!
The magic dart hits you.
You sock something! Something hits you but does no damage.
Your shield and chain mail prevent you from hitting something.
Something hits you but does no damage.
You hit something. Something hits you but does no damage.
You miss something. Something hits you.
You closely miss something. Something hits you.
You closely miss something. Something hits you.
You miss something. Something hits you.
You barely miss something. Something hits you!
You die...

### #.# .# #.# #.#
#.# #.# ########.#
#.# ......##.###
#.# #####......#
#.#
####....#####.#
#.............#
####.##....#####@#
...#.....#[# #{#
##.#.#####.# #.#
#.#.# #.# #.#
##.#.# #.# #.#
##.#.# #.# #.#
((=#.# #.# #.#
##.#.#####.#####.#
##†(...>.......


There were no monsters in sight!

Vanquished Creatures
  A phantom (D:3)
  An orc priest (D:3)
  3 adders
  An ooze (D:1)
  A worm (D:2)
  3 dart slugs (D:1)
  A leopard gecko (D:2)
  3 orcs
  A ball python (D:2)
  6 giant cockroaches
  9 goblins
  8 hobgoblins
  7 bats
  2 frilled lizards
  7 kobolds
  7 rats
61 creatures vanquished.

Notes
Turn   | Place    | Note
-------+----------+-------------------------------------------
     0 | D:1      | Gadfly the Gargoyle Fighter began the quest for the Orb.
     0 | D:1      | Reached XP level 1. HP: 14/14 MP: 1/1
    87 | D:1      | Reached XP level 2. HP: 17/19 MP: 2/2
   303 | D:1      | Reached skill level 1 in Invocations
   525 | D:1      | Reached XP level 3. HP: 17/23 MP: 3/3
  1041 | D:2      | Reached skill level 1 in Evocations
  1382 | D:2      | Reached XP level 4. HP: 26/28 MP: 5/5
  1638 | D:2      | You fall into a shaft and drop 1 floor!
  2174 | D:3      | Noticed a phantom
  2187 | D:3      | Reached XP level 5. HP: 7/33 MP: 6/6
  2635 | D:3      | Killed a phantom
  2807 | D:3      | Noticed Sigmund
  2830 | D:3      | Slain by Sigmund

Illustrated notes

Levels and vault maps discovered:
D:1:      minmay_arrival_five_plusses, layout_loops_ring, minmay_unequal
D:2:      layout_basic, minmay_tiny_reverse_x
D:3:      layout_loops_ring, uniq_sigmund

Skill      XL: |  1  2  3  4  5 |
---------------+----------------+-----
Invocations    | 1 2 |  2.8
Evocations     | 1 2 |  2.1
Maces & Flails | 3 |  3.2
Fighting       | |  3.9
Armour         | |  3.8
Shields        | |  3.8

Action                   |  1- 3 |  4- 6 || total
-------------------------+-------+-------++-------
Melee: Flail             |   139 |   113 ||   252
  Use: Scroll            |     6 |     1 ||     7
Armor: Scale mail        |   131 |    32 ||   163
       Chain mail        |       |    38 ||    38
Dodge: Dodged            |    60 |    34 ||    94
Block: Kite shield       |   109 |    72 ||   181
